 Dungeon Crawl Stone Soup version 0.27-a0-998-g4cfe56dd59 (webtiles) character file.

Game seed: 9520273970142166552

88 siradein the Grave Robber (level 4, 0/30 HPs)
             Began as a Demonspawn Necromancer on Apr 16, 2021.
             Slain by a gnoll
             ... wielding a +0 flail
              (5 damage)
             ... on level 5 of the Dungeon.
             The game lasted 00:06:52 (3292 turns).

siradein the Grave Robber (Demonspawn Necromancer)  Turns: 3292, Time: 00:06:53

Health: 0/30       AC:  5    Str:  8    XL:     4   Next: 29%
Magic:  8/8        EV: 12    Int: 17    God:
Gold:   70         SH:  0    Dex: 14    Spells: 0/9 levels left

rFire    . . .     SeeInvis .   (no weapon)
rCold    + . .     Faith    .   (no shield)
rNeg     . . .     Spirit   .   a - +0 robe
rPois    .         Reflect  .   c - +0 helmet
rElec    .         Harm     .   (no cloak)
rCorr    .         Rampage  .   (no gloves)
Will     .....                  (no boots)
Stlth    ++........             (no amulet)
HPRegen  0.10/turn              n - ring of protection from cold
MPRegen  0.11/turn              (no ring)

@: no status effects
A: yellow scales 1, demonic magic 1
a: no special abilities


You were on level 5 of the Dungeon.
You visited 1 branch of the dungeon, and saw 5 of its levels.

You collected 70 gold pieces.

Inventory:

Missiles
 h - 11 poisoned darts
Armour
 a - a +0 robe (worn)
 c - a +0 helmet (worn)
Jewellery
 n - a ring of protection from cold (left hand)
Wands
 m - a wand of paralysis (9)
Scrolls
 b - a scroll of immolation {unknown}
 d - 2 scrolls of enchant armour {unknown}
 f - a scroll of vulnerability {unknown}
 g - a scroll of holy word {unknown}
 i - a scroll of identify {unknown}
 j - a scroll of summoning {unknown}
 k - a scroll of silence {unknown}
 l - a scroll of teleportation {unknown}
Potions
 e - a potion of haste {unknown}


   Skills:
 - Level 1.7 Dodging
 - Level 1.7 Stealth
 + Level 3.3 Spellcasting
 + Level 5.5 Necromancy


You couldn't memorise any spells.
You knew the following spells:

 Your Spells              Type           Power      Damage    Failure   Level
a - Pain                  Necr           84%        1d8       1%          1
b - Animate Skeleton      Necr           42%        N/A       1%          1
c - Vampiric Draining     Necr           10%        2d7       5%          3
d - Animate Dead          Necr           10%        N/A       17%         4

Your spell library contained the following spells:

 Spells                   Type           Power      Damage    Failure   Level
 Agony                    Necr           21%        N/A       43%         5


Dungeon Overview and Level Annotations

Branches:
Dungeon (6/15)
 Temple: D:4-7

Altars:
Uskayaw

Annotations:
D:5 Prince Ribbit


Innate Abilities, Weirdness & Mutations

You are partially covered in yellow scales. (AC +2)
Spells you cast may paralyse adjacent enemies.


Message History

Malevolent energies surge around you.
A rat comes into view.
Found 10 arrows.
Aiming: Pain (safe; 1% risk of failure)
Press: ? - help, Q - select action, (/) - cycle Shift-Dir - straight line, f - rat
Aim: a rat (chance to affect: 91%)
The rat writhes in agony.
You kill the rat!
Malevolent energies surge around you.
Found an escape hatch in the floor.
You fall into a shaft and drop 3 floors!
The shaft crumbles and collapses.
Found 19 arrows and a scroll labelled YCHOAXYMMIE.
Found a stone staircase leading up and a stone staircase leading down.
Prince Ribbit comes into view.
Found a stone staircase leading down.
There is a stone staircase leading up here.
Prince Ribbit hits you.
You climb upwards.
There is a stone staircase leading down here.
An orc comes into view. It is wielding a +0 flail.
Prince Ribbit hits you! Prince Ribbit hits you.
Prince Ribbit blinks!
Prince Ribbit blinks!
Prince Ribbit blinks!
A gnoll and a gnoll shaman come into view.
The orc shouts!
Prince Ribbit lets out a mournful croak. 2 gnolls come into view.
The gnoll shouts!
You hear a shout!
A gnoll comes into view. It is wielding a +0 halberd.
A gnoll comes into view. It is wielding a +0 club.
Prince Ribbit blinks!
The gnoll shouts!
You hear a shout!
An orc comes into view. It is wielding a +1 dagger of venom.
The gnoll hits you with a +0 flail!
* * * LOW HITPOINT WARNING * * *
The gnoll hits you with a +0 flail.
You die...

#....................
#....................
#.................>..
+....................
##+#.....o.o.ยง..........
#........#+#######+#####
#....g...# #...gg.g.#
#......@.# #...g....#
#.g......# ...o######
.... ... .


You could see a gnoll shaman (wandering), 5 gnolls and 2 orcs.

Vanquished Creatures
  2 adders
  A worm (D:2)
  A dart slug (D:1)
  3 orcs (D:3)
  6 endoplasms
  A giant cockroach (D:2)
  5 goblins
  7 hobgoblins
  7 jackals
  4 quokkas
  4 ball pythons
  A bat (D:2)
  4 frilled lizards
  5 kobolds
  4 rats
55 creatures vanquished.

Notes
Turn   | Place    | Note
-------+----------+-------------------------------------------
     0 | D:1      | siradein the Demonspawn Necromancer began the quest for the
                  | Orb.
     0 | D:1      | Reached XP level 1. HP: 13/13 MP: 3/3
   500 | D:1      | Gained mutation: Spells you cast may paralyse adjacent
                  | enemies. [demonic ancestry]
   500 | D:1      | Reached XP level 2. HP: 19/19 MP: 3/5
   708 | D:1      | Learned a level 1 spell: Animate Skeleton
   992 | D:1      | Found a faded altar of an unknown god.
  1651 | D:2      | Reached skill level 5 in Necromancy
  1653 | D:2      | Gained mutation: You are partially covered in yellow
                  | scales. (AC +2) [demonic ancestry]
  1653 | D:2      | Reached XP level 3. HP: 21/24 MP: 2/7
  1773 | D:2      | Learned a level 3 spell: Vampiric Draining
  2019 | D:2      | Found a hide-covered altar of Uskayaw.
  2911 | D:3      | Reached XP level 4. HP: 26/30 MP: 4/8
  2935 | D:3      | Learned a level 4 spell: Animate Dead
  3273 | D:3      | You fall into a shaft and drop 3 floors!
  3274 | D:6      | Noticed Prince Ribbit
  3276 | D:5      | Entered Level 5 of the Dungeon
  3292 | D:5      | Slain by a gnoll

Illustrated notes

Levels and vault maps discovered:
D:1:      lemuel_arrival_hallway, layout_loops_corners, basic_ecumenical_altar
D:2:      layout_basic, basic_altar, minivault_5
D:3:      layout_loops_ring, minmay_overflow_temple_star_quad,
          grunt_ministairs_6
D:5:      layout_gridville, serial_shops, shop, uniq_menkaure
D:6:      layout_gridville, minmay_temple_entry_ruins,
          gammafunk_ghost_abyssal_escape, serial_bayou_pond_a,
          serial_park_tiny_1, uniq_maggie, uniq_prince_ribbit1

Skill      XL: |  1  2  3 |
---------------+----------+-----
Necromancy     | 5 |  5.5
Spellcasting   | 3 |  3.3
Dodging        | |  1.7
Stealth        | |  1.7

Action                   |  1- 3 |  4- 6 || total
-------------------------+-------+-------++-------
Melee: Unarmed           |     7 |       ||     7
 Cast: Pain              |    82 |    18 ||   100
       Animate Skeleton  |     1 |       ||     1
       Animate Dead      |       |     1 ||     1
 Stab: Paralysed         |     2 |       ||     2
Armor: Robe              |     6 |     1 ||     7
Dodge: Dodged            |    11 |       ||    11

Table legend: (Time is in decaauts)
 A = Elapsed time spent in this place.
 B = Non-inter-level travel time spent in this place.
 C = Inter-level travel time spent in this place.
 D = Time resting spent in this place.
 E = Time spent auto-exploring this place.
 F = Levels seen in this place.
 G = Mean time per level.
                   A        B        C        D        E       F      G
               +--------+--------+--------+--------+--------+-----+--------+
         Total |   3290 |   3261 |     29 |     90 |   2793 |   5 |  658.0 |
       Dungeon |   3290 |   3261 |     29 |     90 |   2793 |   5 |  658.0 |
               +--------+--------+--------+--------+--------+-----+--------+

Top non-repeatable levels by time:
     D:1: 1581 daAuts
     D:2: 1289 daAuts
     D:3: 401 daAuts
     D:5: 15 daAuts
     D:6: 2 daAuts
